AoeStats
← stepych

Arena

506169073Analyzed
1v1 RM · 20d ago on Sep 12, 2026· 48m 32s· 2 players
Game mode
Random Map
Map size
Tiny (2 player)
Population
200
Speed
Normal
Resources
Standard
Victory
Conquest
Starting age
Dark Age
Ending age
Imperial Age
RankedLock teamsTeams togetherTeam positionsShared explorationLock speedFull tech treeHidden civsTurbo modeCheats
Victory
Defeat
🇺🇸 Britons · United States
916
+16
🇷🇺 Armenians · Russia
925
-38
Mr. Kiesang
11:04 Feudal Age
11:41 Double-Bit Axe
16:50 Castle Age
15:04 Horse Collar
17:41 Bow Saw
20:05 Wheelbarrow
20:56 Stone Mining
22:00 Fervor
21:53 Fletching
22:00 Gold Mining
22:14 Heavy Plow
23:28 Hand Cart
23:16 Bodkin Arrow
25:46 Ballistics
25:29 Padded Archer Armor
29:32 Imperial Age
28:37 Gold Shaft Mining
28:31 Leather Archer Armor
29:19 Forging
29:10 Scale Mail Armor
29:42 Town Watch
31:35 Two-Man Saw
32:07 Chemistry
32:18 Bracer
32:48 Town Patrol
34:04 Elite Longbowman
35:08 Yeomen
34:49 Murder Holes
36:40 Ring Archer Armor
36:26 Masonry
36:27 Fortified Wall
36:39 Block Printing
38:24 Warwolf
38:33 Pikeman
39:14 Squires
39:00 Arson
39:25 Halberdier
40:46 Architecture
40:33 Chain Mail Armor
43:34 Hoardings
42:30 Sappers
43:20 Conscription
43:33 Light Cavalry
44:17 Husbandry
44:27 Scale Barding Armor
44:58 Iron Casting
stepych
10:44 Feudal Age
9:00 Loom
11:25 Double-Bit Axe
12:06 Horse Collar
11:58 Man-at-Arms
13:21 Gold Mining
13:05 Long Swordsman
16:22 Arson
19:07 Town Watch
19:59 Wheelbarrow
20:33 Scale Mail Armor
21:51 Forging
21:33 Fletching
26:21 Castle Age
25:55 Padded Archer Armor
27:15 Squires
27:02 Gambesons
26:42 Two-Handed Swordsman
29:16 Bow Saw
30:29 Town Patrol
32:44 Champion
37:21 Imperial Age
38:13 Chain Mail Armor
38:49 Iron Casting
38:45 Elite Skirmisher
39:50 Ballistics
41:51 Leather Archer Armor
42:38 Blast Furnace
42:18 Murder Holes
43:13 Bodkin Arrow
45:11 Conscription
46:52 Ring Archer Armor
Connection lost

Rejoining the realm…

Still unreachable

The connection could not be restored.

Session expired

The server has moved on; the page needs a fresh start.